 Dungeon Crawl Stone Soup version 0.20-a0-941-gba1b1f9 (console) character file.

71 pagos the Poker (level 4, -2/33 HPs)
             Began as a Merfolk Gladiator on Mar 31, 2017.
             Slain by Sigmund
             ... wielding a +2 scythe of venom
              (6 damage)
             ... on level 2 of the Dungeon.
             The game lasted 00:04:04 (1326 turns).

pagos the Poker (Merfolk Gladiator)                 Turns: 1326, Time: 00:04:04

Health: -2/33      AC:  4    Str: 15    XL:     4   Next: 24%
Magic:  4/4        EV: 14    Int:  7    God:
Gold:   33         SH:  0    Dex: 15    Spells: 3/3 levels left

rFire    . . .     SeeInvis .   a - +0 trident
rCold    . . .     Gourm    .   (no shield)
rNeg     . . .     Faith    .   b - +0 leather armour
rPois    .         Spirit   .   c - +0 helmet
rElec    .         Reflect  .   (no cloak)
rCorr    .         Harm     .   (no gloves)
MR       .....                  (no boots)
Stlth    +.........             (no amulet)
Regen    0.2/turn               (no ring)
MPRegen  0.1/turn               (no ring)

@: lethally poisoned (-2 -> -14)
A: change form in water, swift swim, stealthy swim
a: no special abilities


You were on level 2 of the Dungeon.
You were hungry.

You visited 1 branch of the dungeon, and saw 2 of its levels.

You collected 33 gold pieces.

Inventory:

Hand Weapons
 a - a +0 trident (weapon)
Missiles
 d - 3 throwing nets (quivered)
Armour
 b - a +0 leather armour (worn)
 c - a +0 helmet (worn)
Scrolls
 h - 2 scrolls of amnesia {unknown}
 j - 5 scrolls of teleportation {unknown}
Potions
 k - a potion of lignification
 m - a potion of magic {unknown}
Comestibles
 f - a bread ration
 g - a fruit
 i - a royal jelly
 l - 2 meat rations
 n - a chunk of flesh


   Skills:
 - Level 2.1 Fighting
 * Level 6.9 Polearms
 - Level 2.0 Throwing
 + Level 0.2 Armour
 - Level 4.0 Dodging
 + Level 0.8 Stealth


You had 3 spell levels left.
You didn't know any spells.

Dungeon Overview and Level Annotations

Branches:
Dungeon (2/15)

Altars:

Annotations:
D:2 Sigmund


Message History

* * * LOW HITPOINT WARNING * * *
You feel sick. Something hits you but does no damage.
You hit something.
* * * LOW HITPOINT WARNING * * *
You feel sick.
You miss something.
* * * LOW HITPOINT WARNING * * *
You feel sick.
You hear some strange, mumbled words.
A puff of flame appears from out of thin air!
The puff of flame hits you!
It was a potion of cancellation.
Your magical effects are unravelling.
You feel magically purged.
You feel less wooden.
Your +0 helmet unmelds from your body.
Your +0 leather armour unmelds from your body.
* * * LOW HITPOINT WARNING * * *
You feel sick. Something hits you.
You die...

. ..# # ... ...#.## #.# ......
#.## #.# #..#.## .#.## # #.#
#..... ..#.##.##. #.#
#....####### ...#.#.#.# #.#
#........... ....#.#.#......#.#
#.#...).....
.....#.#.......#.####.#...#
......#........#@{.)......#..
......#......########.#...#.#####
..8...#.....#.# #.#...#.#....
8...8###.....# #.#...#.#....
......#.....# #.....#.#####
......#.....## ####.........
.....#.#.....### ####..######
.......†......+.# #...........
.....#.#.....##.# #.#....####.
......#.....###.# #.#.#..# #.


There were no monsters in sight!

Vanquished Creatures
  An adder (D:2)
  3 worms (D:2)
  2 dart slugs (D:1)
  3 giant cockroaches
  4 goblins
  4 hobgoblins
  8 jackals (D:2)
  7 kobolds
  4 ball pythons
  8 bats
  2 frilled lizards
  2 rats
48 creatures vanquished.

Notes
Turn   | Place    | Note
-------+----------+-------------------------------------------
     0 | D:1      | pagos the Merfolk Gladiator began the quest for the Orb.
     0 | D:1      | Reached XP level 1. HP: 16/16 MP: 1/1
   135 | D:1      | Reached skill level 5 in Polearms
   218 | D:1      | Reached XP level 2. HP: 22/22 MP: 2/2
   588 | D:1      | Reached XP level 3. HP: 27/27 MP: 3/3
   786 | D:2      | Reached skill level 6 in Polearms
  1081 | D:2      | Found a faded altar of an unknown god.
  1094 | D:2      | Reached XP level 4. HP: 28/33 MP: 4/4
  1305 | D:2      | Noticed Sigmund
  1326 | D:2      | Slain by Sigmund

Vault maps used:
D:1:      lemuel_arrival_river_ford
D:2:      wad_pebble_path, chequers_ecumenical_altar_simple_redux, uniq_sigmund

Skill      XL: |  1  2  3 |
---------------+----------+-----
Polearms       | 5 6 |  6.9
Fighting       | |  2.1
Throwing       | |  2.0
Armour         | |  0.2
Dodging        | |  4.0
Stealth        | |  0.8

Action                   |  1- 3 |  4- 6 || total
-------------------------+-------+-------++-------
Melee: Trident           |   116 |    44 ||   160
  Use: Potion            |       |     2 ||     2
 Stab: Sleeping          |     3 |     1 ||     4
  Eat: Chunk             |       |     1 ||     1
Armor: Leather armour    |    28 |     2 ||    30
       Skin              |       |     5 ||     5
Dodge: Dodged            |    68 |    15 ||    83
